 Dungeon Crawl Stone Soup version 0.29-a0-23-ga79f92ac9c (webtiles) character file.

Game seed: 5776302409529369479

9907 enile the Fighter (level 11, -5/78 HPs)
             Began as an Octopode Wanderer on Jan 30, 2022.
             Was an Elder of Vehumet.
             Engulfed by a cloud of flame (13 damage)
             ... in a volcano.
             The game lasted 00:42:10 (14325 turns).

enile the Fighter (Octopode Wanderer)              Turns: 14325, Time: 00:42:11

Health: -5/78      AC:  1    Str: 10    XL:     11   Next: 53%
Magic:  12/19      EV: 15    Int: 17    God:    Vehumet [****..]
Gold:   329        SH: 12    Dex: 15    Spells: 9/21 levels left

rFire   . . .      SeeInvis +   n - +4 flail (protect)
rCold   . . .      Faith    .   D - +2 kite shield
rNeg    . . .      Spirit   .   (helmet restricted)
rPois   +          Reflect  .   G - amulet of regeneration
rElec   .          Harm     .   d - ring of see invisible
rCorr   .          Rampage  .   p - ring of flight
Will    .....                   z - ring of poison resistance
Stlth   ++++......              (no ring)
HPRegen 1.03/turn               (no ring)
MPRegen 0.16/turn               (no ring)
                                (no ring)
                                (no ring)

@: flying
A: almost no armour, amphibious, 8 rings, camouflage 1, gelatinous body 1,
(nimble swimmer 1), tentacles
a: Renounce Religion


You were in a volcano.
You worshipped Vehumet.
Vehumet was greatly pleased with you.
You visited 2 branches of the dungeon, and saw 12 of its levels.
You also visited: Volcano.

You collected 761 gold pieces.
You spent 432 gold pieces at shops.

Inventory:

Hand Weapons
 a - a +1 mace
 n - a +4 flail of protection (weapon)
Missiles
 y - 3 javelins
 A - 18 poisoned darts
Armour
 D - a +2 kite shield (worn)
Jewellery
 d - a ring of see invisible (left tentacle)
 g - an amulet of guardian spirit
 p - a ring of flight (right tentacle)
 z - a ring of poison resistance (on tentacle)
 G - an amulet of regeneration (around mantle)
Wands
 b - a wand of charming (1)
 t - a wand of iceblast (6) (quivered)
 v - a wand of paralysis (7)
 x - a wand of digging (7)
 B - a wand of polymorph (13)
Scrolls
 e - 4 scrolls of vulnerability
 m - 2 scrolls of fear
 q - 2 scrolls of teleportation
 r - a scroll of magic mapping
 w - a scroll of immolation
Potions
 c - 2 potions of resistance
 f - 2 potions of lignification
 h - 3 potions of attraction
 i - 2 potions of degeneration
 j - 4 potions of curing
 l - 3 potions of haste
 o - a potion of brilliance
 u - a potion of heal wounds
 C - 2 potions of mutation
 F - 2 potions of ambrosia {unknown}
 H - 2 potions of flight {unknown}


   Skills:
 - Level 8.6 Fighting
 - Level 4.0 Maces & Flails
 - Level 1.8 Throwing
 - Level 7.0 Dodging
 - Level 7.0 Stealth
 - Level 7.0 Shields
 + Level 5.9 Spellcasting
 - Level 1.0 Conjurations
 - Level 3.0 Ice Magic
 - Level 7.0 Earth Magic
 - Level 6.0 Evocations


You had 9 spell levels left.
You knew the following spells:

 Your Spells              Type           Power      Damage    Failure   Level
a - Freeze                Ice            60%        1d8       2%          1
b - Magic Dart            Conj           32%        1d4       6%          1
c - Dazzling Flash        Conj/Hex       12%        N/A       21%         3
d - Stone Arrow           Conj/Erth      36%        3d9       5%          3
e - Hailstorm             Conj/Ice       11%        3d5       36%         4

Your spell library contained the following spells:

 Spells                   Type           Power      Damage    Failure   Level
 Sandblast                Erth           56%        2d13      1%          1
 Passwall                 Tmut/Erth      13%        N/A       12%         2
 Poisonous Vapours        Pois/Air       10%        N/A       13%         2
 Conjure Flame            Conj/Fire      6%         6-21      21%         3
 Ignite Poison            Fire/Tmut/Pois 5%         N/A       26%         3
 Slow                     Hex            20%        N/A       34%         1
 Sting                    Tmut/Pois      20%        1d4       34%         1
 Summon Small Mammal      Summ           20%        N/A       34%         1
 Sticky Flame             Conj/Fire      6%         2d3       54%         4
 Airstrike                Air            2%         N/A       61%         4
 Olgreb's Toxic Radiance  Pois           5%         N/A       61%         4
 Leda's Liquefaction      Hex/Erth       8%         N/A       63%         4
 Call Canine Familiar     Summ           5%         N/A       71%         3
 Confusing Touch          Hex            5%         N/A       71%         3
 Portal Projectile        Hex/Tloc       10%        N/A       71%         3
 Summon Guardian Golem    Hex/Summ       5%         N/A       71%         3
 Vampiric Draining        Necr           5%         2d6       71%         3
 Lightning Bolt           Conj/Air       3%         1d14      86%         5
 Summon Lightning Spire   Summ/Air       5%         N/A       98%         4


Dungeon Overview and Level Annotations

Branches:
Dungeon (11/15)            Temple (0/1) D:5            Lair (1/6) D:11
Volcano (1/1)
    Orc: D:9-12

Altars:
Ashenzari
Cheibriados
Dithmenos
Elyvilon
Hepliaklqana
Trog
Uskayaw
Vehumet
Yredelemnul
Zin
The Shining One

Shops:
D:2 :   D:7 **!   D:9 =

Annotations:
D:6 exclusions: basilisk and orc
D:11 Gastronok


Innate Abilities, Weirdness & Mutations

You cannot wear most types of armour.
You are amphibious.
You can wear up to eight rings at the same time.
Your skin changes colour to match your surroundings (Stealth+).
Your rubbery body absorbs attacks. (AC +1, EV +1)
((You are camouflaged when in or above water. (Stealth+)))
You have tentacles for arms and can constrict up to eight enemies at once.


Message History

Confirm with . or Enter, or press ? or * to list all spells.
Casting: Hailstorm (dangerous; 36% risk of failure)
Press: ? - help, Dir - look around, f - activate You miscast Hailstorm.
You are very lightly contaminated with residual magic.
Strange energies run through your body!
Aiming: Iceblast
Press: ? - help, Q - select action, (/) - cycle Shift-Dir - straight line, f - molten gargoyle
Aim: a molten gargoyle, wielding a +0 mace The mass of ice explodes!
The iceblast engulfs the molten gargoyle.
The molten gargoyle is lightly damaged.
The iceblast engulfs the efreet but does no damage.
The efreet is lightly wounded.
The molten gargoyle blasts magma at you!
The bolt of magma hits you!!
Okay, then.
Blink to where?
Press: ? - help, Dir - move target, p - molten gargoyle
As you read the scroll of blinking, it crumbles to dust.
The efreet gestures at you.
The fireball explodes!
The fireball engulfs you!!
* * * LOW HITPOINT WARNING * * *
The fireball engulfs the earth elemental.
The earth elemental completely resists.
Press: ? - help, v - describe, . - travel, g - get item
Here: an earth elemental (moderately damaged) Item here: a +0 dire flail.
The floor, spattered with blood.
Blink to where?
Press: ? - help, Dir - move target
As you read the scroll of blinking, it crumbles to dust.
You reach down and close the door.
Your magical contamination has completely faded away.
The air gets thick with the scent of sulphur.
In the distance, the volcano erupts with a roar.
You are engulfed in blazing flames.
* * * LOW HITPOINT WARNING * * *
You are engulfed in blazing flames.
You die...

....###....# ..###.§§...#
∩###.≈§§...## ##...§≈≈≈..○#
§..≈≈§≈§≈°°○##
§≈≈≈≈≈≈§○○☼○.####
≈≈≈≈§§≈≈°○≈○.○#○#
§≈≈≈§≈≈≈☼○○§☼°○☼###
≈≈§≈§≈≈≈§○°○○○☼○@.#
≈≈§§≈≈≈§○§§§§○°○○°########
≈≈≈§≈≈§§≈§§≈☼≈☼°....##...##
§≈§§≈≈≈§≈§§§§≈☼°○°..#..8..# #
≈≈≈§≈≈≈≈≈≈§≈≈○§§....#..R..##.#
≈≈≈§§≈≈≈≈≈≈≈○§§...###.9○..8))#
≈≈≈≈§§§≈≈≈≈≈≈≈...## #..○..#E$#
≈≈§≈§§§≈≈≈≈≈≈§..## ##...##[$#
.≈≈§§§§§≈§≈§≈....## ##'### +#


There were no monsters in sight!

Vanquished Creatures
  2 two-headed ogres
  2 gargoyles (Volcano)
  A cane toad (Lair:1)
  2 kobold demonologists (D:9)
  A troll (D:10)
  2 wyverns
  A basilisk (D:6)
  5 fire bats (Volcano)
  A hornet zombie (D:7)
  2 orc warriors (D:10)
  7 black bears
  2 ice beasts
  5 sky beasts
  4 centaurs
  2 ogres
  2 kobold brigands
  5 bullfrogs
  3 gnoll sergeants
  A water moccasin zombie (D:5)
  2 wyvern skeletons
  A water moccasin skeleton (D:6)
  3 wights (D:9)
  A howler monkey (D:9)
  An electric eel (D:10)
  5 lava snakes (Volcano)
  5 hounds
  5 centaur zombies
  A jelly (D:4)
  A centaur skeleton (D:5)
  A gnoll shaman (D:9)
  6 orc priests
  3 iguanas
  5 orc wizards
  A killer bee zombie (D:7)
  A hound zombie (D:5)
  A howler monkey zombie (D:10)
  15 gnolls
  4 adders
  A white imp (D:6)
  An ufetubus (D:6)
  A worm (D:4)
  A dart slug (D:4)
  36 orcs
  6 ball pythons
  5 bats
  6 endoplasms
  3 giant cockroaches
  11 goblins
  4 hobgoblins
  8 jackals
  11 kobolds
  2 quokkas
  4 frilled lizards
  4 rats (D:1)
216 creatures vanquished.

Vanquished Creatures (collateral kills)
  A komodo dragon (Lair:1)
  A polar bear (Lair:1)
  A wyvern (Lair:1)
  A black bear (D:5)
  3 gnolls
7 creatures vanquished.

Vanquished Creatures (others)
  5 fungi
  5 plants
10 creatures vanquished.

Grand Total: 233 creatures vanquished

Notes
Turn   | Place    | Note
-------+----------+-------------------------------------------
     0 | D:1      | enile the Octopode Wanderer began the quest for the Orb.
     0 | D:1      | enile set off with the following items: a +1 mace, a wand
                  | of charming (11)
     0 | D:1      | Reached XP level 1. HP: 16/16 MP: 1/1
   147 | D:1      | Reached skill level 1 in Dodging
   166 | D:1      | Found a faded altar of an unknown god.
   204 | D:1      | Reached XP level 2. HP: 21/21 MP: 2/2
   258 | D:1      | Prayed at the altar of an unknown god.
   258 | D:1      | Became a worshipper of Vehumet
   258 | D:1      | Reached * piety under Vehumet
   258 | D:1      | Offered knowledge of Freeze by Vehumet.
   298 | D:1      | Learned a level 1 spell: Freeze
   615 | D:1      | Reached skill level 1 in Ice Magic
   904 | D:1      | Reached XP level 3. HP: 22/26 MP: 2/4
  1115 | D:2      | Reached skill level 1 in Spellcasting
  1129 | D:2      | Reached XP level 4. HP: 27/31 MP: 3/5
  1617 | D:2      | Found Qadeleyt's Book Shop.
  1649 | D:3      | Reached ** piety under Vehumet
  1649 | D:3      | Offered knowledge of Magic Dart by Vehumet.
  2054 | D:3      | Reached skill level 4 in Fighting
  2054 | D:3      | Reached XP level 5. HP: 35/37 MP: 6/6
  2472 | D:4      | Found a broken altar of Ashenzari.
  2701 | D:4      | Noticed an ogre
  2971 | D:4      | Learned a level 1 spell: Magic Dart
  3312 | D:4      | Identified the +0 robe "Meunui" {-Cast Fly Str+5}
  3642 | D:5      | Entered Level 5 of the Dungeon
  3680 | D:5      | Reached XP level 6. HP: 35/44 MP: 4/7
  3731 | D:5      | Reached skill level 5 in Fighting
  3827 | D:5      | Noticed a black bear
  3827 | D:5      | Noticed an ice beast
  3843 | D:5      | Killed a black bear
  3866 | D:5      | Killed an ice beast
  3866 | D:5      | Offered knowledge of Dazzling Flash by Vehumet.
  3867 | D:5      | Reached XP level 7. HP: 31/50 MP: 3/8
  4314 | D:5      | Reached skill level 6 in Fighting
  4362 | D:5      | Reached *** piety under Vehumet
  4672 | D:5      | Reached skill level 5 in Dodging
  4942 | D:5      | Found a staircase to the Ecumenical Temple.
  5132 | D:6      | Found a shadowy altar of Dithmenos.
  5132 | D:6      | Found a snail-covered altar of Cheibriados.
  5170 | D:6      | Found a hazy altar of Hepliaklqana.
  5197 | D:6      | Found a hide-covered altar of Uskayaw.
  5203 | D:6      | Found a white marble altar of Elyvilon.
  5211 | D:6      | Reached XP level 8. HP: 53/57 MP: 7/9
  5242 | D:6      | Found a glowing silver altar of Zin.
  5432 | D:7      | Reached skill level 7 in Fighting
  5436 | D:7      | Learned a level 3 spell: Dazzling Flash
  5560 | D:7      | Reached skill level 1 in Conjurations
  5862 | D:7      | Reached skill level 5 in Stealth
  5909 | D:7      | Reached XP level 9. HP: 55/64 MP: 2/10
  6691 | D:6      | Offered knowledge of Conjure Flame by Vehumet.
  6888 | D:6      | Found a bloodstained altar of Trog.
  7330 | D:7      | Found Detsion's Specific Store.
  7335 | D:7      | Found Kuewa's General Store.
  7343 | D:7      | Learned a level 3 spell: Stone Arrow
  7519 | D:7      | Found Jyptepte's Distillery.
  7588 | D:7      | Bought a potion of haste for 120 gold pieces
  7588 | D:7      | Bought a potion of resistance for 120 gold pieces
  7588 | D:7      | Bought 2 potions of mutation for 192 gold pieces
  8810 | D:8      | Reached skill level 1 in Earth Magic
  9448 | D:9      | Reached skill level 1 in Shields
  9837 | D:9      | Found Ilaumm's Jewellery Boutique.
  9945 | D:8      | Reached **** piety under Vehumet
 10377 | D:9      | Offered knowledge of Hailstorm by Vehumet.
 10802 | D:9      | Noticed a two-headed ogre
 10806 | D:9      | Reached XP level 10. HP: 71/71 MP: 6/14
 10836 | D:9      | Killed a two-headed ogre
 10837 | D:9      | Reached skill level 5 in Earth Magic
 10837 | D:9      | Reached skill level 5 in Shields
 11174 | D:10     | Entered Level 10 of the Dungeon
 11361 | D:10     | Noticed a kobold demonologist
 11363 | D:10     | Noticed a kobold demonologist
 11385 | D:9      | Killed a kobold demonologist
 11536 | D:9      | Killed a kobold demonologist
 11575 | D:10     | Noticed a two-headed ogre
 11586 | D:9      | Reached skill level 8 in Fighting
 11785 | D:10     | Killed a two-headed ogre
 12015 | D:10     | Found a radiant altar of Vehumet.
 12352 | D:10     | Found a glowing golden altar of the Shining One.
 13019 | D:10     | Found a basalt altar of Yredelemnul.
 13082 | D:10     | Learned a level 4 spell: Hailstorm
 13112 | D:10     | Reached XP level 11. HP: 73/77 MP: 12/15
 13247 | D:11     | Noticed a two-headed ogre
 13401 | D:11     | Found a staircase to the Lair.
 13407 | D:11     | Noticed Gastronok
 13417 | Lair:1   | Entered Level 1 of the Lair of Beasts
 13600 | Lair:1   | Found a dark tunnel.
 13616 | Volcano  | Entered a volcano
 13827 | Volcano  | Reached skill level 5 in Spellcasting
 14260 | Volcano  | Found a burning altar of Makhleb.
 14289 | Volcano  | Gained mutation: You are robust. (+10% HP) [potion of
                  | mutation]
 14289 | Volcano  | Lost mutation: You are robust. (+10% HP) [potion of
                  | mutation]
 14325 | Volcano  | Engulfed by a cloud of flame

Illustrated notes

Levels and vault maps discovered:
D:1:      dpeg_arrival_pits, layout_rooms, shapermc_ecumenical_altar_ellora,
          minivault_19, grunt_decor_one_mirror
D:2:      layout_rooms, serial_shops, nicolae_lakefront_shop
D:3:      layout_rooms
D:4:      layout_loops_corners, nzn_wu_jian_council_hall,
          nicolae_ashenzari_panopticon
D:5:      minmay_general_purpose_star, layout_rooms, temple_hall
D:6:      layout_cave_pools, lemuel_tele_altar, lightli_temple_of_fire,
          kennysheep_mini_moat, gammafunk_temple_overflow_elements,
          grunt_temple_overflow_open, chequers_serial_rivers_small_a
D:7:      layout_layer_cave, serial_shops, nicolae_square_shop,
          nicolae_specific_store
D:8:      layout_basic
D:9:      layout_loops_corners, serial_shops, nicolae_stop_n_shop_2,
          ebering_dispersal_statue_hall
D:10:     layout_loops_ring, mainiacjoe_overflow_alcove_1, kennysheep_mini,
          mainiacjoe_overflow_alcove_2, water_boxes_lemuel
D:11:     layout_loops_ring, lair_entry_dummy, uniq_gastronok
Lair:1:   layout_regular_city, enter_volcano_2, beast_lair_carwin_3,
          grunt_megastairs_5, lemuel_fruit_tree
Volcano:  volcano_grotto [vgs_many_chambers]

Skill      XL: |  1  2  3  4  5  6  7  8  9 10 11 |
---------------+----------------------------------+-----
Dodging        | 1 2 3 5 6 7 |  7.0
Ice Magic      | 1 2 3 |  3.0
Spellcasting   | 1 3 5 |  5.9
Fighting       | 4 5 6 7 8 |  8.6
Maces & Flails | 2 3 4 |  4.0
Stealth        | 4 6 7 |  7.0
Conjurations   | 1 |  1.0
Evocations     | 6 |  6.0
Earth Magic    | 4 6 7 |  7.0
Shields        | 4 7 |  7.0
Throwing       | |  1.8

Action                   |  1- 3 |  4- 6 |  7- 9 | 10-12 || total
-------------------------+-------+-------+-------+-------++-------
Melee: Mace              |    56 |    32 |       |       ||    88
       Constrict         |    17 |    21 |    35 |    29 ||   102
       Tentacles         |    12 |    16 |    40 |    48 ||   116
       Punch             |     2 |       |     4 |     7 ||    13
       Flail             |       |    58 |   194 |   151 ||   403
Throw: Javelin           |       |       |     5 |     6 ||    11
       Throwing net      |       |       |       |     3 ||     3
       Dart              |       |       |       |     2 ||     2
 Cast: Freeze            |     3 |    25 |    15 |     6 ||    49
       Magic Dart        |       |     8 |    25 |       ||    33
       Stone Arrow       |       |       |    42 |    70 ||   112
Evoke: Wand              |       |     3 |     9 |     8 ||    20
  Use: Scroll            |       |     4 |     7 |    10 ||    21
       Potion            |       |       |     1 |     2 ||     3
 Stab: Sleeping          |     4 |     4 |     4 |       ||    12
       Paralysed         |       |       |       |     4 ||     4
       Held in net/web   |       |       |       |     2 ||     2
Armor: Skin              |     6 |    17 |    52 |    34 ||   109
Dodge: Dodged            |    25 |    99 |   195 |   122 ||   441
Block: Kite shield       |       |       |    27 |   119 ||   146

Table legend: (Time is in decaauts)
 A = Elapsed time spent in this place.
 B = Non-inter-level travel time spent in this place.
 C = Inter-level travel time spent in this place.
 D = Time resting spent in this place.
 E = Time spent auto-exploring this place.
 F = Levels seen in this place.
 G = Mean time per level.
                   A        B        C        D        E       F      G
               +--------+--------+--------+--------+--------+-----+--------+
         Total |  14497 |  13841 |    656 |   1433 |   9524 |  13 | 1115.2 |
       Dungeon |  13568 |  12912 |    656 |   1232 |   9244 |  11 | 1233.5 |
          Lair |    208 |    208 |      0 |      3 |      0 |   1 |  208.0 |
       Volcano |    720 |    720 |      0 |    198 |    280 |   1 |  720.0 |
               +--------+--------+--------+--------+--------+-----+--------+

Top non-repeatable levels by time:
     D:7: 2388 daAuts
     D:9: 2041 daAuts
    D:10: 1714 daAuts
     D:5: 1470 daAuts
     D:4: 1309 daAuts
     D:6: 1263 daAuts
     D:1: 1113 daAuts
     D:8: 813 daAuts
 Volcano: 720 daAuts
     D:3: 715 daAuts
     D:2: 557 daAuts
  Lair:1: 208 daAuts
    D:11: 181 daAuts
